 Dungeon Crawl Stone Soup version 0.22.1-5-g62c59d9 (webtiles) character file.

130 Yuikono the Gusty (level 5, 0/28 HPs)
             Began as a Tengu Air Elementalist on Jan 15, 2019.
             Was an Initiate of Kikubaaqudgha.
             Slain by a river rat (7 damage)
             ... in a sewer.
             The game lasted 00:14:23 (2407 turns).

Yuikono the Gusty (Tengu Air Elementalist)          Turns: 2407, Time: 00:14:24

Health: 0/28       AC:  2    Str:  8    XL:     5   Next: 13%
Magic:  0/10       EV: 12    Int: 17    God:    Kikubaaqudgha [......]
Gold:   112        SH:  0    Dex: 14    Spells: 2/10 levels left

rFire    . . .     SeeInvis .   u - +0 dagger
rCold    . . .     Gourm    .   (no shield)
rNeg     . . .     Faith    .   a - +0 robe
rPois    .         Spirit   .   (helmet restricted)
rElec    .         Reflect  .   (no cloak)
rCorr    .         Harm     .   (no gloves)
MR       .....                  (boots unavailable)
Stlth    ++........             (no amulet)
HPRegen  0.09/turn              (no ring)
MPRegen  0.12/turn              (no ring)

@: no status effects
A: beak, talons 3, able to fly 1
a: Fly, Renounce Religion


You were in a sewer.
You worshipped Kikubaaqudgha.
Kikubaaqudgha was noncommittal.
You were hungry.

You visited 1 branch of the dungeon, and saw 3 of its levels.
You also visited: Sewer.

You collected 112 gold pieces.

Inventory:

Hand Weapons
 f - a +0 hunting sling
 u - a +0 dagger (weapon)
Missiles
 m - 64 stones (quivered)
Armour
 a - a +0 robe (worn)
Scrolls
 e - a scroll of blinking {unknown}
 g - 2 scrolls of remove curse
 h - a scroll of teleportation {unknown}
 i - 3 scrolls of identify
 k - a scroll of fear
Potions
 b - a potion of ambrosia {unknown}
 d - a potion of cancellation {unknown}
 j - 2 potions of resistance {unknown}
 l - 4 potions of curing
 n - a potion of mutation {unknown}
 p - 2 potions of brilliance {unknown}
 r - a potion of flight
 s - a potion of lignification {unknown}
 t - 2 potions of haste {unknown}
Comestibles
 c - 6 rations


   Skills:
 - Level 2.1 Dodging
 - Level 2.0 Stealth
 + Level 3.2 Spellcasting
 + Level 3.6 Conjurations
 + Level 5.4 Air Magic


You had 2 spell levels left.
You knew the following spells:

 Your Spells              Type           Power        Failure   Level  Hunger
a - Shock                 Conj/Air       ###.         2%          1    None
b - Swiftness             Chrm/Air       ##......     9%          2    ##.....
c - Static Discharge      Conj/Air       ###.....     8%          3    ###....
d - Call Imp              Summ           #.......     26%         2    ##.....

Your spell library contained the following spells:

 Spells                   Type           Power        Failure   Level  Hunger
 Magic Dart               Conj           ###.         3%          1    None
 Blink                    Tloc           N/A          26%         2    ##.....
 Slow                     Hex            #.......     26%         2    ##.....
 Mephitic Cloud           Conj/Pois/Air  ##......     16%         3    ###....
 Airstrike                Air            ###.......   19%         4    ####...
 Conjure Flame            Conj/Fire      #.......     24%         3    ###....
 Lightning Bolt           Conj/Air       ###.......   58%         5    ######.


Dungeon Overview and Level Annotations

Branches:
Dungeon (3/15)

Altars:
Kikubaaqudgha
Trog


Innate Abilities, Weirdness & Mutations

You have a beak for a mouth.
You have claws for feet.
You can fly.


Message History

The zap hits the river rat.
The river rat is heavily wounded.
Your attack snaps the river rat out of its fear.
The zap hits the river rat.
The river rat is severely wounded.
The zap hits the rat.
You kill the rat!
Kikubaaqudgha accepts your kill.
Casting: Shock (safe; 2% risk of failure)
Confirm with . or Enter, or press ? or * to list all spells.
Aiming: Shock (safe; 2% risk of failure)
Press: ? - help, Shift-Dir - straight line, f/p - river rat
Aim: a river rat (severely wounded)
The zap misses the river rat.
The river rat barely misses you.
You hit the river rat but do no damage.
You claw the river rat, but do no damage.
The river rat is severely wounded.
The river rat bites you!
You die...
Kikubaaqudgha rasps: "You have failed me!
Welcome... death!"

###################
..#≈≈≈≈≈≈†r@≈≈≈≈≈≈..###
...≈≈≈≈#≈≈≈≈≈≈≈#≈≈≈...##
†.≈†≈≈≈≈#≈≈#≈≈≈≈≈≈≈....#
...≈†≈≈≈≈≈≈≈≈≈≈≈≈≈≈....#
..≈≈≈≈≈≈≈≈≈≈≈≈≈≈≈≈≈....##
#..r≈≈≈≈≈≈≈≈≈≈≈≈≈≈......#
####################....#
##...## ##...#


You could see a river rat.

Vanquished Creatures
  A river rat (Sewer)
  4 adders (D:2)
  An ooze (D:1)
  6 worms
  A leopard gecko (D:2)
  2 giant cockroaches (D:1)
  4 goblins
  8 hobgoblins
  7 jackals (D:2)
  4 kobolds
  2 ball pythons
  4 bats
  4 frilled lizards
  17 rats
65 creatures vanquished.

Notes
Turn   | Place    | Note
-------+----------+-------------------------------------------
     0 | D:1      | Yuikono the Tengu Air Elementalist began the quest for the
                  | Orb.
     0 | D:1      | Reached XP level 1. HP: 10/10 MP: 4/4
   401 | D:1      | Reached XP level 2. HP: 15/15 MP: 6/6
   874 | D:2      | Reached XP level 3. HP: 11/19 MP: 1/7
  1006 | D:1      | Learned a level 2 spell: Swiftness
  1010 | D:1      | Learned a level 3 spell: Static Discharge
  1246 | D:2      | Reached skill level 5 in Air Magic
  1246 | D:2      | Reached XP level 4. HP: 24/24 MP: 5/9
  1289 | D:2      | Learned a level 2 spell: Call Imp
  1716 | D:2      | Found an ancient bone altar of Kikubaaqudgha.
  1732 | D:2      | Became a worshipper of Kikubaaqudgha
  1827 | D:2      | Noticed a moth of wrath
  1830 | D:2      | Found a bloodstained altar of Trog.
  2294 | D:3      | Found a glowing drain.
  2323 | Sewer    | Entered a sewer
  2347 | Sewer    | Gained mutation: You can fly. [Tengu growth]
  2347 | Sewer    | Reached XP level 5. HP: 28/28 MP: 2/10
  2407 | Sewer    | Slain by a river rat

Skill      XL: |  1  2  3  4 |
---------------+-------------+-----
Conjurations   | 2 3 |  3.6
Air Magic      | 5 |  5.4
Spellcasting   | 3 |  3.2
Dodging        | |  2.1
Stealth        | |  2.0

Action                   |  1- 3 |  4- 6 || total
-------------------------+-------+-------++-------
Melee: Unarmed           |    20 |       ||    20
       Kick              |    11 |     4 ||    15
       Peck              |     2 |     2 ||     4
       Hand axe          |    30 |     7 ||    37
       Dagger            |       |    28 ||    28
 Fire: Hunting sling     |       |    20 ||    20
Throw: Stone             |     4 |     1 ||     5
 Cast: Shock             |    26 |    57 ||    83
       Static Discharge  |     1 |     6 ||     7
  Use: Scroll            |       |     6 ||     6
       Potion            |       |     1 ||     1
 Stab: Sleeping          |     4 |     3 ||     7
  Eat: Chunk             |     1 |     4 ||     5
Armor: Robe              |    11 |     3 ||    14
Dodge: Dodged            |    38 |    28 ||    66
